 Dungeon Crawl Stone Soup version 0.30-a0-595-g91969c0fa5 (webtiles) character file.

Game seed: 11804335945494740200

3963 Leeroy the Grappler (level 10, -7/71 HPs)
             Began as a Red Draconian Transmuter on Jan 6, 2023.
             Mangled by Menkaure (17 damage)
             ... on level 7 of the Dungeon.
             The game lasted 00:16:09 (7971 turns).

Leeroy the Grappler (Red Draconian Transmuter)      Turns: 7971, Time: 00:16:09

Health: -7/71      AC:  8    Str: 12    XL:     10   Next: 2%
Magic:  12/13      EV: 14    Int: 19    God:
Gold:   251        SH:  0    Dex: 11    Spells: 5/13 levels left

rFire   + . .      SeeInvis .      - Unarmed
rCold   . . .      Faith    .    (no shield)
rNeg    + . .      Spirit   .    (body armour unavailable)
rPois   .          Reflect  .    (helmet currently unavailable)
rElec   .          Harm     .    (no cloak)
rCorr   .          Rampage  .    c - +0 pair of gloves
Will    .....                    (boots currently unavailable)
Stlth   +                        b - amulet of the acrobat
HPRegen 0.31/turn                E - ring of positive energy
MPRegen 0.13/turn                (no ring)

@: mighty, short of breath, appendages
A: horns 2, talons 2, breathe fire, AC +7, unfitting armour, fire resistance 1,
cold-blooded
a: Breathe Fire, End Transformation


You were on level 7 of the Dungeon.
You had temporarily grown beastly horns and talons.
You visited 1 branch of the dungeon, and saw 8 of its levels.

You collected 349 gold pieces.
You spent 98 gold pieces at shops.

Inventory:

Hand Weapons
 A - a +2 dagger of draining
 B - a +4 scimitar
 C - a +4 spear
 F - a +4 dagger of distortion
 H - a +2 scimitar of flaming
Missiles
 p - 36 poisoned darts
 u - a throwing net
Armour
 c - a +0 pair of gloves (worn)
 n - an orb of mayhem
Jewellery
 b - an amulet of the acrobat (around neck)
 E - a ring of positive energy (left hand)
Wands
 s - a wand of polymorph (7)
 D - a wand of iceblast (8)
Scrolls
 d - 4 scrolls of teleportation
 e - a scroll of vulnerability {unknown}
 g - a scroll of noise {unknown}
 i - a scroll of blinking {unknown}
 k - a scroll of fog {unknown}
 m - 3 scrolls of poison
 o - 2 scrolls of immolation {unknown}
 t - a scroll of brand weapon {unknown}
 w - a scroll of enchant armour {unknown}
 x - 3 scrolls of identify
 y - a scroll of amnesia {unknown}
 G - a scroll of torment {unknown}
Potions
 a - 2 potions of lignification
 f - a potion of attraction {unknown}
 h - a potion of might
 j - 7 potions of curing
 l - 3 potions of brilliance
 q - a potion of flight
 r - a potion of degeneration
 v - a potion of haste {unknown}
 z - a potion of cancellation {unknown}


   Skills:
 - Level 1.1 Fighting
 - Level 6.0 Dodging
 + Level 12.2 Unarmed Combat
 - Level 2.0 Spellcasting
 - Level 5.7 Transmutations


You had 5 spell levels left.
You knew the following spells:

 Your Spells              Type           Power      Damage    Failure   Level
a - Beastly Appendage     Tmut           46%        N/A       1%          1
b - Spider Form           Tmut/Pois      12%        N/A       16%         3
c - Ice Form              Ice/Tmut       12%        N/A       45%         4

Your spell library contained the following spells:

 Spells                   Type           Power      Damage    Failure   Level
 Wereblood                Tmut           23%        N/A       2%          2
 Sting                    Tmut/Pois      48%        1d5       5%          1
 Apportation              Tloc           2%         N/A       17%         1
 Foxfire                  Conj/Fire      4%         2x1d4     17%         1
 Necrotise                Necr           4%         1d4       17%         1
 Summon Small Mammal      Summ           4%         N/A       17%         1
 Poisonous Vapours        Pois/Air       2%         N/A       26%         2
 Gell's Gravitas          Tloc           1%         N/A       45%         3
 Teleport Other           Tloc           1%         N/A       45%         3
 Olgreb's Toxic Radiance  Pois           1%         N/A       86%         4
 Fireball                 Conj/Fire      0%         3d3       99%         5
 Dispersal                Tloc           0%         N/A       100%        6
 Starburst                Conj/Fire      0%         6d3       100%        6


Dungeon Overview and Level Annotations

Branches:
Dungeon (8/15)
 Temple: D:4-7         Lair: D:8-11

Altars:
Ashenzari
Qazlal
Xom
Zin

Shops:
D:4 !(:?

Annotations:
D:6 4 runed translucent doors, Maggie
D:7 1 runed translucent door, Menkaure; NoAnimeNoLife's ghost, novice FeAE


Innate Abilities, Weirdness & Mutations

You have temporarily grown beastly horns and talons.
You can breathe blasts of fire.
Your fiery red scales are hard. (AC +7)
You cannot fit into any form of body armour.
Your flesh is heat resistant. (rF+)
You are cold-blooded and may be slowed by cold attacks.


Message History

The gnoll hits you with a +1 halberd of protection!
You barely miss the gnoll.
The gnoll is lightly wounded.
The gnoll hits you with a +1 halberd of protection.
You hit the gnoll but do no damage.
The gnoll is lightly wounded.
You hit the gnoll but do no damage.
The gnoll is lightly wounded.
The gnoll hits you with a +1 halberd of protection.
You grow a pair of large bovine horns.
Your feet morph into talons.
Menkaure calls on the powers of darkness!
Your body is wracked with pain!
The gnoll convulses!
The gnoll closely misses you.
You hit the gnoll but do no damage. You claw the gnoll, but do no damage.
The gnoll is heavily wounded.
The gnoll barely misses you.
You hit the gnoll but do no damage. Your kick misses the gnoll.
Your headbutt misses the gnoll.
The gnoll is heavily wounded.
The gnoll hits you with a +1 halberd of protection!
* * * LOW HITPOINT WARNING * * *
You barely miss the gnoll. You claw the gnoll, but do no damage.
You tail-slap the gnoll, but do no damage.
The gnoll is heavily wounded.
The gnoll hits you with a +1 halberd of protection.
* * * LOW HITPOINT WARNING * * *
You closely miss the gnoll. You tail-slap the gnoll.
The gnoll is heavily wounded.
You barely miss the gnoll. You claw the gnoll, but do no damage.
Your headbutt misses the gnoll.
The gnoll is heavily wounded.
The gnoll hits you with a +1 halberd of protection.
* * * LOW HITPOINT WARNING * * *
You feel very mighty all of a sudden.
The gnoll hits you with a +1 halberd of protection.
* * * LOW HITPOINT WARNING * * *
You punch the gnoll!
You kill the gnoll!
Menkaure hits you!
You die...

...# #...........# ...#
#########.≈≈≈≈≈≈≈≈≈.. ...#
#####......##.≈.......≈.. ...#
#.............≈.≈≈§≈≈.≈.. ...#
#.###......##.≈.≈...≈.≈.. ####
#.# #......##.≈.≈._.≈.... #.#
#......+..≈.≈...≈.≈.. #[#
#...)..##.≈.≈≈.§≈.≈.. #[#
#..M@..##.≈.......≈.. #[#
#..)......≈≈≈≈≈≈≈≈≈..
#########.###......##............
Mggg........'....>.###...........
#########.###......# #...........
#.# #####.## #######+#'## #.# #.#
#..........
#.#######.#####........##
#.............+........#


You could see Menkaure.

Vanquished Creatures
  Erica (D:8)
  Psyche (D:8)
  Sigmund (D:6)
  A wyvern (D:7)
  2 steam dragons
  3 water moccasins
  2 black bears (D:5)
  2 sky beasts
  An orc warrior (D:7)
  An ice beast (D:6)
  2 ogres (D:5)
  2 centaurs
  A phantom (D:5)
  A bullfrog (D:8)
  A kobold brigand (D:8)
  3 scorpions
  5 wights (D:7)
  A killer bee (D:5)
  A howler monkey (D:5)
  2 hounds
  A jelly (D:7)
  A gnoll bouda (D:7)
  3 iguanas
  5 orc wizards
  Robin (D:2)
  12 gnolls
  9 adders
  A shadow imp (D:7)
  2 white imps
  An ufetubus (D:7)
  3 worms
  2 dart slugs (D:2)
  9 orcs
  2 ball pythons (D:2)
  11 endoplasms
  7 giant cockroaches
  9 goblins
  10 hobgoblins
  2 jackals (D:2)
  15 kobolds
  4 quokkas
  6 bats
  2 frilled lizards
  3 rats (D:1)
155 creatures vanquished.

Vanquished Creatures (others)
  An orc (D:7)
  A kobold (D:8)
2 creatures vanquished.

Grand Total: 157 creatures vanquished

Notes
Turn   | Place    | Note
-------+----------+-------------------------------------------
     0 | D:1      | Leeroy the Draconian Transmuter began the quest for the
                  | Orb.
     0 | D:1      | Reached XP level 1. HP: 16/16 MP: 3/3
   158 | D:1      | Reached XP level 2. HP: 23/23 MP: 5/5
   553 | D:1      | Reached skill level 4 in Unarmed Combat
   834 | D:2      | Reached XP level 3. HP: 25/28 MP: 6/6
  1198 | D:2      | Noticed Robin
  1218 | D:2      | Killed Robin
  1219 | D:2      | Reached skill level 5 in Unarmed Combat
  1219 | D:2      | Reached XP level 4. HP: 29/35 MP: 7/7
  1751 | D:3      | Identified the +1 robe of Zishralab {rPois Regen+ Str-4
                  | SInv}
  1794 | D:3      | Learned a level 3 spell: Spider Form
  2086 | D:3      | Reached XP level 5. HP: 38/40 MP: 8/8
  2289 | D:3      | Found a faded altar of an unknown god.
  2487 | D:3      | Reached skill level 6 in Unarmed Combat
  2979 | D:4      | Found Zekleshu's Distillery.
  3000 | D:4      | Bought a potion of heal wounds for 70 gold pieces
  3007 | D:4      | Found Reuba's Antique Weapon Boutique.
  3039 | D:4      | Found Opianaka's Magic Scroll Boutique.
  3047 | D:4      | Bought a scroll of identify for 28 gold pieces
  3073 | D:4      | Found Kuelon's Book Shop.
  3106 | D:4      | Found a glowing silver altar of Zin.
  3159 | D:4      | Noticed a centaur
  3166 | D:4      | Killed a centaur
  3167 | D:4      | Reached skill level 7 in Unarmed Combat
  3167 | D:4      | Reached XP level 6. HP: 26/47 MP: 7/9
  3601 | D:4      | Found a stormy altar of Qazlal.
  3734 | D:5      | Entered Level 5 of the Dungeon
  3897 | D:5      | Noticed a sky beast
  3903 | D:5      | Killed a sky beast
  3904 | D:5      | Your scales start taking on a fiery red colour.
  3904 | D:5      | Reached XP level 7. HP: 44/52 MP: 8/10
  3904 | D:5      | Gained mutation: Your flesh is heat resistant. (rF+) [Red
                  | Draconian growth]
  4141 | D:5      | Reached skill level 8 in Unarmed Combat
  4516 | D:5      | Reached skill level 9 in Unarmed Combat
  4516 | D:5      | Reached XP level 8. HP: 38/59 MP: 11/11
  4994 | D:6      | Noticed Maggie
  5150 | D:5      | Reached skill level 5 in Transmutations
  5394 | D:6      | Reached skill level 10 in Unarmed Combat
  5560 | D:6      | Found a large runed translucent door.
  5560 | D:6      | Found a large runed translucent door.
  5580 | D:6      | Noticed a troll
  5583 | D:6      | Found a large runed translucent door.
  5583 | D:6      | Found a large runed translucent door.
  5752 | D:6      | Learned a level 4 spell: Ice Form
  5818 | D:6      | Noticed Sigmund
  5826 | D:6      | Killed Sigmund
  6040 | D:6      | Reached XP level 9. HP: 59/64 MP: 12/12
  6246 | D:7      | Found a shimmering altar of Xom.
  6301 | D:7      | Found a runed translucent door.
  6301 | D:7      | Noticed NoAnimeNoLife's ghost (novice FeAE)
  6604 | D:7      | Reached skill level 5 in Dodging
  6681 | D:7      | Noticed Menkaure
  7049 | D:8      | Noticed Psyche
  7314 | D:8      | Killed Psyche
  7409 | D:7      | Reached skill level 11 in Unarmed Combat
  7555 | D:8      | Noticed Erica
  7571 | D:8      | Killed Erica
  7572 | D:8      | Reached skill level 12 in Unarmed Combat
  7649 | D:8      | Reached XP level 10. HP: 41/71 MP: 13/13
  7822 | D:8      | Found a broken altar of Ashenzari.
  7971 | D:7      | Mangled by Menkaure

Illustrated notes

Levels and vault maps discovered:
D:1:      heliophobic_arrival_ceremonial_halls, layout_basic,
          grunt_decor_one_mirror, minmay_pentomino_q2
D:2:      layout_loops_ring, uniq_robin
D:3:      layout_loops_cross, shapermc_ecumenical_altar_petra,
          minmay_goblin_kobold_house
D:4:      layout_cave_pools, mainiacjoe_overflow_swirl, serial_shops,
          shop_statue, shop_fountains, shop,
          nicolae_shop_temple_entry_statues_fountains,
          chequers_serial_rivers_small_b, minmay_misc_feat_cross,
          minmay_circle_x
D:5:      cheibrodos_barr_body, layout_basic
D:6:      layout_loops_cross, minmay_temple_entry_hall,
          minmay_hollow_rounded_squares, uniq_maggie, uniq_sigmund
D:7:      layout_basic, mainiacjoe_overflow_concentric_impassable,
          mainiacjoe_overflow_alcove_2, enter_bailey_6,
          hellmonk_ghost_happy_afterlife, uniq_menkaure
D:8:      layout_basic, mainiacjoe_overflow_alcove_1, uniq_psyche, uniq_erica

Skill      XL: |  1  2  3  4  5  6  7  8  9 |
---------------+----------------------------+-----
Unarmed Combat | 4 5 7 9 10 12 | 12.2
Transmutations | 3 4 5 |  5.7
Dodging        | 3 6 |  6.0
Fighting       | |  1.1
Spellcasting   | |  2.0

Action                   |  1- 3 |  4- 6 |  7- 9 | 10-12 || total
-------------------------+-------+-------+-------+-------++-------
Melee: Unarmed           |   116 |   167 |   285 |    16 ||   584
       Tailslap          |    10 |    16 |    33 |     3 ||    62
       Punch             |     2 |     5 |     9 |     1 ||    17
       Kick              |     7 |    18 |    42 |     3 ||    70
       Headbutt          |     4 |    19 |    30 |       ||    53
 Cast: Beastly Appendage |     2 |    11 |    22 |     1 ||    36
       Spider Form       |       |     2 |       |       ||     2
 Abil: Breathe Fire      |       |       |    11 |     1 ||    12
Evoke: Wand              |       |       |     1 |       ||     1
  Use: Scroll            |       |     5 |     2 |       ||     7
       Potion            |       |     1 |     8 |     1 ||    10
 Stab: Sleeping          |     3 |     2 |       |       ||     5
Armor: Skin              |    37 |    52 |   103 |     1 ||   193
Dodge: Dodged            |    70 |   115 |   184 |     8 ||   377

Table legend: (Time is in decaauts)
 A = Elapsed time spent in this place.
 B = Non-inter-level travel time spent in this place.
 C = Inter-level travel time spent in this place.
 D = Time resting spent in this place.
 E = Time spent auto-exploring this place.
 F = Levels seen in this place.
 G = Mean time per level.
                   A        B        C        D        E       F      G
               +--------+--------+--------+--------+--------+-----+--------+
         Total |   7890 |   7502 |    388 |    677 |   5258 |   8 |  986.2 |
       Dungeon |   7890 |   7502 |    388 |    677 |   5258 |   8 |  986.2 |
               +--------+--------+--------+--------+--------+-----+--------+

Top non-repeatable levels by time:
     D:5: 1771 daAuts
     D:8: 1179 daAuts
     D:3: 1034 daAuts
     D:2: 955 daAuts
     D:4: 916 daAuts
     D:1: 811 daAuts
     D:6: 703 daAuts
     D:7: 518 daAuts
